 Dungeon Crawl Stone Soup version 0.19-a0-1626-g5215c36 (webtiles) character file.

109 TheGoonsmith the Conjurer (level 4, -4/30 HPs)
             Began as a Demonspawn Wizard on Sept 18, 2016.
             Slain by an orc
             ... wielding a +0 mace
              (6 damage)
             ... on level 3 of the Dungeon.
             The game lasted 00:02:58 (2242 turns).

TheGoonsmith the Conjurer (Demonspawn Wizard)       Turns: 2242, Time: 00:02:59

Health: -4/30      AC:  3    Str: 13    XL:     4   Next: 60%
Magic:  5/9        EV: 12    Int: 20    God:
Gold:   103        SH:  0    Dex: 11    Spells: 3 memorised, 3 levels left

rFire  + . .     SeeInvis .     o - +0 rapier
rCold  . . .     Gourm    .     a - +0 robe
rNeg   . . .     Faith    .     (no shield)
rPois  .         Spirit   .     b - +0 hat
rElec  .         Dismiss  .     (no cloak)
rCorr  .         Reflect  .     (no gloves)
MR     .....     Harm     .     n - +0 pair of boots
Stlth  ++........               (no amulet)
                                (no ring)
                                (no ring)

@: mighty
A: demonic guardian 1, fire resistance 1
a: no special abilities


You were on level 3 of the Dungeon.
You were not hungry.

You visited 1 branch of the dungeon, and saw 3 of its levels.

You collected 103 gold pieces.

Inventory:

Hand Weapons
 e - a +0 short sword
 o - a +0 rapier (weapon)
Armour
 a - a +0 robe (worn)
 b - a +0 hat (worn)
 n - a +0 pair of boots (worn)
Magical Staves
 u - an uncursed staff of conjuration {unknown}
Jewellery
 s - an uncursed ring of wizardry {unknown}
Scrolls
 g - 4 scrolls of teleportation {unknown}
 i - a scroll of remove curse {unknown}
 l - a scroll of amnesia {unknown}
 m - 2 scrolls of identify {unknown}
 p - a scroll of magic mapping {unknown}
Potions
 h - a potion of might
 k - 2 potions of curing {unknown}
 q - 2 potions of ambrosia {unknown}
 r - a potion of invisibility {unknown}
 v - a potion of brilliance {unknown}
Books
 c - a book of Minor Magic

   Spells                             Type                      Level
   a - Magic Dart                     Conjuration                  1
   b - Blink                          Translocation                2
   c - Call Imp                       Summoning                    2
   d - Repel Missiles                 Charms/Air                   2
   e - Slow                           Hexes                        2
   f - Conjure Flame                  Conjuration/Fire             3
   g - Mephitic Cloud                 Conjuration/Poison/Air       3
Comestibles
 d - a bread ration
 f - 2 slices of pizza
 j - a beef jerky


   Skills:
 - Level 1.7 Dodging
 - Level 1.7 Stealth
 + Level 3.7 Spellcasting
 * Level 3.8 Conjurations
   Level 1.0 Summonings
   Level 0.8 Translocations


You had 3 spell levels left.
You knew the following spells:

 Your Spells              Type           Power        Failure   Level  Hunger
a - Magic Dart            Conj           ###.         2%          1    None
c - Conjure Flame         Conj/Fire      ##......     21%         3    ###....
x - Mephitic Cloud        Conj/Pois/Air  #.......     24%         3    ###....


Dungeon Overview and Level Annotations

Branches:
Dungeon (3/15)

Altars:
Hepliaklqana
Ru

Annotations:
D:3 Geoffrax's ghost, amateur DgGl


Innate Abilities, Weirdness & Mutations

A weak demonic guardian rushes to your aid.
Your flesh is heat resistant. (rF+)


Message History

The magic dart hits the leopard gecko.
The leopard gecko is severely wounded.
The leopard gecko bites you.
* * * LOW HITPOINT WARNING * * *
A bat comes into view.
Casting: Magic Dart
Confirm with . or Enter, or press ? or * to list all spells.
Aiming: Magic Dart
Press: ? - help, Shift-Dir - straight line, f/p - leopard gecko
Aim: a leopard gecko (severely wounded, clinging)
The magic dart hits the leopard gecko.
You kill the leopard gecko!
The orc hits you with a flail!
* * * LOW HITPOINT WARNING * * *
The orc misses you.
Okay, then.
It was a potion of might.
You feel very mighty all of a sudden. The orc hits you with a mace.
You die...

#. ####. .# ...... #+#
#.# ...... +.+ #.#
......# ##.## ##.#
.......###.#.###..#
.....#))...#......#
......†...###.#.#.#
......######.boo@....#
......# ###....##.#
......... #######.#
......... #.########
)....... #........#
....W.# #.######.#
.#....# #.# #.#
.#....# #.# ####.#
5..# ####.###....#


You could see 2 orcs and a bat.

Vanquished Creatures
  An orc priest (D:3)
  3 adders
  2 worms (D:3)
  2 dart slugs
  A leopard gecko (D:3)
  2 orcs (D:3)
  2 goblins
  4 hobgoblins
  3 kobolds
  5 bats
  2 frilled lizards (D:1)
  2 rats
29 creatures vanquished.

Vanquished Creatures (collateral kills)
  Jessica (D:2)
1 creature vanquished.

Grand Total: 30 creatures vanquished

Notes
Turn   | Place    | Note
-------+----------+-------------------------------------------
     0 | D:1      | TheGoonsmith the Demonspawn Wizard began the quest for the Orb.
     0 | D:1      | Reached XP level 1. HP: 13/13 MP: 4/4
   567 | D:1      | Gained mutation: A weak demonic guardian rushes to your aid. [demonic ancestry]
   567 | D:1      | Reached XP level 2. HP: 19/19 MP: 1/6
   990 | D:2      | Found a sacrificial altar of Ru.
  1149 | D:2      | Noticed Jessica
  1152 | D:2      | Killed Jessica
  1152 | D:2      | Reached XP level 3. HP: 20/24 MP: 3/7
  1220 | D:2      | Learned a level 3 spell: Mephitic Cloud
  1224 | D:2      | Learned a level 3 spell: Conjure Flame
  1904 | D:3      | Found a hazy altar of Hepliaklqana.
  1947 | D:3      | Gained mutation: Your flesh is heat resistant. (rF+) [demonic ancestry]
  1947 | D:3      | Reached XP level 4. HP: 22/30 MP: 1/9
  1953 | D:3      | Noticed Geoffrax's ghost (amateur DgGl)
  2235 | D:3      | HP: 1/30 [orc/flail (7)]
  2242 | D:3      | Slain by an orc

Vault maps used:
D:1:      dpeg_arrival_boxes_within_box
D:2:      nicolae_ru_awakened_eye, uniq_jessica
D:3:      overflow_temple_1_default, nemelex_dance_club_becter

Skill      XL: |  1  2  3 |
---------------+----------+-----
Conjurations   | 2 3 |  3.8
Dodging        | |  1.7
Stealth        | |  1.7
Spellcasting   | |  3.7
Summonings     | |  1.0
Translocations | |  0.8

Action                   |  1- 3 |  4- 6 || total
-------------------------+-------+-------++-------
Melee: Unarmed           |    13 |       ||    13
       Rapier            |    15 |     3 ||    18
 Cast: Magic Dart        |    67 |    22 ||    89
  Use: Potion            |       |     1 ||     1
 Stab: Sleeping          |     1 |       ||     1
  Eat: Chunk             |     3 |     1 ||     4
Armor: Robe              |    14 |     1 ||    15
Dodge: Dodged            |    35 |     4 ||    39
